 Dungeon Crawl Stone Soup version 0.28.0-53-g5a82cb258f (webtiles) character file.

Game seed: 16087220244644033589

93 Plasmagod the Covered (level 4, 0/40 HPs)
             Began as a Minotaur Fighter on July 10, 2022.
             Slain by Natasha (1 damage)
             ... on level 2 of the Dungeon.
             The game lasted 00:04:05 (1227 turns).

Plasmagod the Covered (Minotaur Fighter)            Turns: 1227, Time: 00:04:06

Health: 0/40       AC:  7    Str: 23    XL:     4   Next: 37%
Magic:  3/3        EV:  9    Int:  5    God:
Gold:   94         SH:  4    Dex:  9    Spells: 3/3 levels left

rFire   . . .      SeeInvis .   a - +0 war axe
rCold   . . .      Faith    .   c - +0 buckler
rNeg    . . .      Spirit   .   b - +0 scale mail
rPois   .          Reflect  .   (helmet restricted)
rElec   .          Harm     .   (no cloak)
rCorr   .          Rampage  .   (no gloves)
Will    .....                   (no boots)
Stlth   ..........              (no amulet)
HPRegen 0.13/turn               (no ring)
MPRegen 0.08/turn               (no ring)

@: no status effects
A: horns 2, retaliatory headbutt
a: no special abilities


You were on level 2 of the Dungeon.
You visited 1 branch of the dungeon, and saw 2 of its levels.

You collected 94 gold pieces.

Inventory:

Hand Weapons
 a - a +0 war axe (weapon)
Armour
 b - a +0 scale mail (worn)
 c - a +0 buckler (worn)
Scrolls
 e - a scroll of vulnerability {unknown}
 g - 2 scrolls of identify {unknown}
Potions
 d - a potion of might
 f - a potion of curing
 h - a potion of haste {unknown}
 i - a potion of resistance {unknown}


   Skills:
 + Level 4.1 Fighting
 + Level 3.8 Axes
 + Level 4.4 Armour
 + Level 0.4 Dodging
 + Level 4.3 Shields


You had 3 spell levels left.
You didn't know any spells.
Your spell library contained the following spells:

 Spells                   Type           Power      Damage    Failure   Level
 Conjure Flame            Conj/Fire      0%         6-21      99%         3
 Ignite Poison            Fire/Tmut/Pois 0%         N/A       99%         3
 Sticky Flame             Conj/Fire      0%         2d3       100%        4


Dungeon Overview and Level Annotations

Branches:
Dungeon (2/15)

Altars:

Annotations:
D:2 Natasha


Innate Abilities, Weirdness & Mutations

You have a pair of horns on your head.
You reflexively headbutt those who attack you in melee.


Message History

You feel troubled.
Natasha stares at you and mumbles some strange words.
The magic dart hits you.
You barely miss Natasha. You closely miss the quokka.
You block the quokka's attack. Natasha barely misses you.
The quokka bites you but does no damage.
You closely miss Natasha. Your headbutt misses Natasha.
You barely miss the quokka. Natasha claws you. The quokka bites you.
You closely miss Natasha. You hit the quokka but do no damage.
You block the quokka's attack. Natasha claws you!
The quokka closely misses you. Natasha claws you.
You barely miss Natasha. You closely miss the quokka.
You block the quokka's attack.
Natasha stares at you and mumbles some strange words.
The magic dart hits you!
* * * LOW HITPOINT WARNING * * *
The quokka bites you.
* * * LOW HITPOINT WARNING * * *
It was a potion of curing.
You feel better. Natasha claws you but does no damage.
The quokka barely misses you. You furiously retaliate!
You headbutt the quokka. You barely miss Natasha. You closely miss the quokka.
Natasha claws you. You block the quokka's attack.
You barely miss Natasha. You hit the quokka.
You kill the quokka!
Natasha stares at you and mumbles some strange words.
The magic dart hits you!
* * * LOW HITPOINT WARNING * * *
Natasha wildly gestures.
You feel disoriented. You block Natasha's attack.
Press: ? - help, v - describe, . - travel The floor.
You closely miss Natasha. Natasha barely misses you.
You hit Natasha.
Natasha is moderately wounded.
Natasha claws you.
* * * LOW HITPOINT WARNING * * *
Natasha claws you.
You die...

#......... #..#.#.#.#
######......!.. #....?..#.#.#.#
#### #......(....... #...
#.......#.#.#.# #...
#......h†...... #...
#########......@# #...
#......##.......# ### #..>
#......##.......# #.# #...
#......##.......# ####.# #...
#......##.......# #....# ##..<
#......##.......###.#..# #....
#.........##.#####..##.#####....
##............###...###....##....
#..†.....#.#......### #.##......#


You could see Natasha.

Vanquished Creatures
  Natasha (D:2)
  2 adders (D:2)
  A worm (D:2)
  4 dart slugs
  3 ball pythons
  3 bats
  4 endoplasms (D:1)
  2 giant cockroaches (D:1)
  4 hobgoblins
  2 jackals (D:1)
  4 kobolds
  3 quokkas
  2 frilled lizards
  5 rats (D:1)
40 creatures vanquished.

Notes
Turn   | Place    | Note
-------+----------+-------------------------------------------
     0 | D:1      | Plasmagod the Minotaur Fighter began the quest for the Orb.
     0 | D:1      | Reached XP level 1. HP: 19/19 MP: 0/0
   177 | D:1      | Reached XP level 2. HP: 27/27 MP: 1/1
   399 | D:1      | Reached XP level 3. HP: 30/33 MP: 2/2
   840 | D:2      | Noticed Natasha
   851 | D:2      | Killed Natasha
   852 | D:2      | Reached XP level 4. HP: 18/40 MP: 3/3
  1215 | D:2      | Noticed Natasha
  1227 | D:2      | HP: 1/40 [Natasha (6)]
  1227 | D:2      | Slain by Natasha

Illustrated notes

Levels and vault maps discovered:
D:1:      dpeg_arrival_rooms_with_view, layout_basic, minmay_misc_feat_rows
D:2:      layout_rooms, serial_glass, glass_columns_a, glass_columns_c,
          uniq_natasha

Skill      XL: |  1  2  3 |
---------------+----------+-----
Armour         | 4 |  4.4
Fighting       | 4 |  4.1
Shields        | 4 |  4.3
Axes           | 3 |  3.8
Dodging        | |  0.4

Action                   |  1- 3 |  4- 6 || total
-------------------------+-------+-------++-------
Melee: War axe           |    61 |    15 ||    76
       Headbutt          |     8 |       ||     8
  Use: Potion            |       |     1 ||     1
Armor: Scale mail        |    26 |     4 ||    30
Dodge: Dodged            |    29 |     7 ||    36
Block: Buckler           |    14 |     7 ||    21
